 Dungeon Crawl Stone Soup version 0.18.1-1-g2f07953 (webtiles) character file.

22 Sixotanaka the Slasher (level 3, 21/29 HPs)
             Began as a Human Abyssal Knight on May 21, 2016.
             Was a Follower of Lugonu.
             Quit the game on level 2 of the Dungeon.
             The game lasted 00:02:10 (906 turns).

Sixotanaka the Slasher (Human Abyssal Knight)        Turns: 906, Time: 00:02:11

Health: 21/29      AC:  5    Str: 13    XL:     3   Next: 7%
Magic:  4/4        EV: 10    Int: 12    God:    Lugonu [*.....]
Gold:   60         SH:  0    Dex: 12    Spells: 0 memorised, 2 levels left

rFire  . . .     SeeInvis .     a - +1 falchion
rCold  . . .     Gourm    .     g - +0 ring mail
rNeg   . . .     Faith    .     (no shield)
rPois  .         Spirit   .     (no helmet)
rElec  .         Dismiss  .     (no cloak)
rCorr  .         Reflect  .     (no gloves)
SustAt .         Harm     .     (no boots)
MR     .....     Rnd*Tele +     (no amulet)
Stlth  +.........               (no ring)
                                b - ring of teleportation (curse)

@: not resistant to hostile enchantments, very unstealthy
A: no striking features
a: Depart the Abyss, Renounce Religion


You were on level 2 of the Dungeon.
You worshipped Lugonu.
Lugonu was aware of your devotion.
You were not hungry.

You visited 1 branch of the dungeon, and saw 2 of its levels.
You visited the Abyss 1 time.

You collected 60 gold pieces.


   Skills:
 - Level 3.0 Fighting
 + Level 3.3 Long Blades
 - Level 2.0 Armour
 - Level 1.0 Dodging
 - Level 2.0 Invocations


You had 2 spell levels left.
You didn't know any spells.

Dungeon Overview and Level Annotations

Branches:
Dungeon (2/15)

Altars:

Inventory:

Hand Weapons
 a - a +1 falchion (weapon)
Armour
 g - a +0 ring mail (worn)
Jewellery
 b - a cursed ring of teleportation (left hand)
Scrolls
 d - a scroll of amnesia {unknown}
 e - a scroll of identify {@r1}
 f - 2 scrolls of teleportation {@r4}
Potions
 h - 4 potions of flight
Comestibles
 c - 2 bread rations
 i - 6 chunks of flesh

#......# #.......
#......# .. .....###
... .....##..#
#####.#....#
#........#
#.)......#
#...@....#
#.b......##.......#
#........# .......
#........# #...>.#
#........###...<.##
########.##.......##
###...........#
#....#........#
#....##.....#...


You could see a bat.


Message History

You butcher the rat corpse.
The ball python bites you but does no damage.
The ball python closely misses you. The ball python bites you.
The ball python grabs you. The ball python constricts you.
Things that are here:
a chunk of flesh; a rat skeleton You hit the ball python.
The ball python bites you but does no damage.
The ball python constricts you.
You closely miss the ball python. The ball python barely misses you.
The ball python constricts you.
You hit the ball python.
You kill the ball python!
Lugonu accepts your kill.
You see here a ball python corpse.
You butcher the ball python corpse.
i - 5 chunks of flesh (gained 3)
You see here a ball python skeleton.
i - 6 chunks of flesh (gained 1)
You see here a rat skeleton.
You see here a ball python skeleton.
You are suddenly yanked towards some nearby monsters!
Your surroundings suddenly seem different.
The bat completely misses you.
A bat and a hobgoblin come into view.
There are monsters nearby!
There are monsters nearby!
You hit the hobgoblin. The bat closely misses you.
The hobgoblin barely misses you.
You hit the hobgoblin but do no damage. The bat closely misses you.
The bat barely misses you. The hobgoblin hits you with a club.
You hit the hobgoblin.
You kill the hobgoblin!
Lugonu accepts your kill.
You can now depart the Abyss.
The bat hits you but does no damage.
You barely miss the bat. The bat barely misses you. The bat closely misses you.
Your ring mail prevents you from hitting the bat.
The bat barely misses you.
You hit the bat. The bat hits you but does no damage.
The bat closely misses you. x2
The bat barely misses you. The bat hits you but does no damage.
The bat hits you but does no damage.
You closely miss the bat. The bat hits you but does no damage.
The bat barely misses you. The bat hits you but does no damage.
You closely miss the bat. The bat hits you but does no damage.
The bat misses you. The bat hits you but does no damage.
The bat barely misses you.
You barely miss the bat. The bat hits you but does no damage.
The bat hits you but does no damage. x2
You closely miss the bat. The bat hits you but does no damage.
The bat hits you but does no damage.
You barely miss the bat. The bat closely misses you.
You hit the bat but do no damage. The bat barely misses you.
The bat hits you but does no damage. The bat completely misses you.
The bat barely misses you. The bat misses you.
The bat hits you but does no damage.
You closely miss the bat. The bat closely misses you.
You barely miss the bat. The bat barely misses you.
You closely miss the bat. The bat hits you but does no damage.
You closely miss the bat. The bat hits you but does no damage.
The bat hits you.
You closely miss the bat. The bat hits you.
You closely miss the bat. The bat closely misses you.
The bat hits you but does no damage.
You miss the bat. The bat hits you but does no damage.
You miss the bat. The bat hits you but does no damage.
The bat hits you but does no damage.

Action                   || total
-------------------------++-------
Melee: Falchion          ||    75
Invok: Depart the Abyss  ||     1
  Use: Scroll            ||     2
Armor: Ring mail         ||    39
Dodge: Dodged            ||    49

Vault maps used:
D:1:      dpeg_arrival_lava_temple_mockup
D:2:      uniq_iyjb

Notes
Turn   | Place    | Note
--------------------------------------------------------------
     0 | Abyss:1  | Sixotanaka the Human Abyssal Knight began the quest for the Orb.
     0 | Abyss:1  | Reached XP level 1. HP: 18/18 MP: 2/2
     4 | Abyss:1  | Found a shattered altar of Ashenzari.
    87 | Abyss:1  | Noticed a hellwing
    91 | D:1      | Escaped the Abyss
   348 | D:1      | Reached XP level 2. HP: 21/24 MP: 3/3
   797 | D:2      | Reached skill level 3 in Long Blades
   858 | D:2      | Reached XP level 3. HP: 23/29 MP: 4/4
   874 | D:2      | Reached * piety under Lugonu
   906 | D:2      | Quit the game

Vanquished Creatures
  A dart slug (D:2)
  A giant gecko (D:2)
  A bat (D:1)
  A giant cockroach (D:1)
  2 goblins
  5 hobgoblins
  A ball python (D:2)
  5 kobolds
  2 rats
19 creatures vanquished.
